 Dungeon Crawl Stone Soup version 0.30.0-29-ga12c61a403 (webtiles) character file.

Game seed: 3581625740629470746

4193 Peloso the Carver (level 10, -6/88 HPs)
             Began as a Minotaur Fighter on June 24, 2023.
             Succumbed to a gnoll sergeant's poison
             ... on level 8 of the Dungeon.
             The game lasted 00:13:04 (7082 turns).

Peloso the Carver (Minotaur Fighter)                Turns: 7082, Time: 00:13:05

Health: -6/88      AC: 14    Str: 22    XL:     10   Next: 8%
Magic:  1/9        EV:  9    Int:  5    God:
Gold:   545        SH:  5    Dex: 13    Spells: 9/9 levels left

rFire   . . .        a - +0 long sword
rCold   . . .        d - +0 buckler
rNeg    + . .        e - +0 chain mail
rPois   .            (helmet restricted)
rElec   .            (no cloak)
rCorr   .            y - +0 pair of gloves
SInv    .            c - +0 pair of boots
Will    .....        k - amulet of guardian spirit Stlth
                     g - ring of positive energy
HPRegen 0.34/turn    (no ring)
MPRegen 0.11/turn

%: guardian spirit
@: lethally poisoned (-6 -> -48), studying Axes
A: horns 2, retaliatory headbutt
a: no special abilities


You were on level 8 of the Dungeon.
You visited 2 branches of the dungeon, and saw 9 of its levels.

You collected 545 gold pieces.

Inventory:

Hand Weapons
 a - a +0 long sword (weapon)
 b - a +0 whip of flaming
Armour
 c - a +0 pair of boots (worn)
 d - a +0 buckler (worn)
 e - a +0 chain mail (worn)
 p - a +1 scale mail of cold resistance
 y - a +0 pair of gloves (worn)
Jewellery
 g - a ring of positive energy (left hand)
 k - an amulet of guardian spirit (around neck)
 q - a ring of protection from fire
Wands
 l - a wand of charming (7)
 r - a wand of flame (3)
 u - a wand of polymorph (14)
 z - a wand of mindburst (14)
Scrolls
 f - 3 scrolls of fear
 h - 5 scrolls of fog
 i - a scroll of teleportation
 j - a scroll of brand weapon {unknown}
 m - 2 scrolls of immolation {unknown}
 n - 3 scrolls of identify
 s - a scroll of enchant armour {unknown}
 t - a scroll of magic mapping {unknown}
 v - a scroll of blinking {unknown}
 x - a scroll of noise
 A - a scroll of amnesia {unknown}
Potions
 o - a potion of invisibility
 w - a potion of haste
 B - a potion of heal wounds {unknown}


   Skills:
 + Level 8.1 Fighting
 + Level 10.8 Long Blades
 + Level 10.2 Armour
 + Level 3.3 Dodging
 + Level 0.4 Stealth
 + Level 7.0 Shields


You had 9 spell levels left.
You didn't know any spells.
Your spell library contained the following spells:

 Spells                   Type           Power      Damage    Failure   Level
 Slow                     Hex            0%         N/A       97%         1
 Blink                    Tloc           0%         N/A       99%         2
 Lesser Beckoning         Tloc           0%         N/A       99%         2
 Momentum Strike          Conj/Tloc      0%         3d8       99%         2
 Confusing Touch          Hex            0%         N/A       100%        3
 Inner Flame              Hex/Fire       0%         N/A       100%        3
 Vampiric Draining        Necr           0%         2d6       100%        3
 Yara's Violent Unravell  Hex/Tmut       0%         3d3       100%        5
 Enfeeble                 Hex            0%         N/A       100%        7


Dungeon Overview and Level Annotations

Branches:
Dungeon (8/15)             Temple (1/1) D:5
   Lair: D:8-11

Altars:
Ashenzari
Cheibriados
Dithmenos
Elyvilon
Fedhas
Gozag
Hepliaklqana
Kikubaaqudgha
Makhleb
Nemelex Xobeh
Qazlal
Ru
Sif Muna
Vehumet
Wu Jian
Xom
Yredelemnul
Zin
The Shining One

Annotations:
D:7 2 transporters, Graphine's ghost, novice DEFE
Temple 2 transporters


Innate Abilities, Weirdness & Mutations

You have a pair of horns on your head.
You reflexively headbutt those who attack you in melee.


Message History

The gnoll sergeant is severely wounded.
You feel very sick.
The gnoll sergeant hits you with a +2 trident of venom.
You are more poisoned.
You barely miss the gnoll sergeant.
The gnoll sergeant is severely wounded.
You feel extremely sick.
The gnoll sergeant hits you with a +2 trident of venom.
You are more poisoned.
You hit the gnoll sergeant.
The gnoll sergeant is severely wounded.
You feel extremely sick.
The gnoll sergeant completely misses you.
You hit the gnoll sergeant but do no damage.
Your headbutt misses the gnoll sergeant.
The gnoll sergeant is severely wounded.
* * * LOW HITPOINT WARNING * * *
You feel very sick.
The gnoll sergeant hits you with a +2 trident of venom.
* * * LOW HITPOINT WARNING * * *
You hit the gnoll sergeant but do no damage.
Your headbutt misses the gnoll sergeant.
The gnoll sergeant is severely wounded.
* * * LOW HITPOINT WARNING * * *
You feel very sick.
The gnoll sergeant hits you with a +2 trident of venom.
* * * LOW HITPOINT WARNING * * *
You are more poisoned.
You hit the gnoll sergeant but do no damage.
Your headbutt misses the gnoll sergeant.
The gnoll sergeant is severely wounded.
* * * LOW HITPOINT WARNING * * *
You feel very sick.
The gnoll sergeant hits you with a +2 trident of venom!
* * * LOW HITPOINT WARNING * * *
You are more poisoned.
You hit the gnoll sergeant but do no damage.
Your headbutt misses the gnoll sergeant.
The gnoll sergeant is severely wounded.
You die...

#######
#gg@..#
#g###.#
# #.#
#.# #.#
#.# #.#
#.# #.#


You could see a gnoll sergeant and 2 gnolls.

Vanquished Creatures
  Pikel (D:5)
  A manticore (D:8)
  Joseph (D:7)
  A troll (D:8)
  Prince Ribbit (D:5)
  3 yaks (D:7)
  Eustachio (D:5)
  A water moccasin (D:8)
  Duvessa (D:5)
  An ice beast (D:7)
  A sky beast (D:7)
  2 black bears
  An ogre (D:4)
  A centaur (D:8)
  2 phantoms
  A kobold brigand (D:8)
  2 lemures (D:5)
  Blork the orc (D:5)
  2 bullfrogs
  2 scorpions
  3 wights (D:6)
  Dowan (D:5)
  A howler monkey (D:5)
  A jelly (D:4)
  4 sleepcaps
  4 iguanas
  3 orc wizards
  A gnoll (D:8)
  8 adders
  2 white imps
  An ufetubus (D:4)
  An adder zombie (D:3)
  5 worms
  3 dart slugs
  28 orcs
  8 ball pythons
  3 endoplasms
  5 giant cockroaches
  4 hobgoblins
  3 quokkas
  A ball python zombie (D:3)
  7 bats
  4 frilled lizards
  8 goblins
  10 kobolds
  3 rats
149 creatures vanquished.

Notes
Turn   | Place    | Note
-------+----------+-------------------------------------------
     0 | D:1      | Peloso the Minotaur Fighter began the quest for the Orb.
     0 | D:1      | Reached XP level 1. HP: 19/19 MP: 0/0
    59 | D:1      | Reached XP level 2. HP: 23/27 MP: 1/1
   458 | D:1      | Reached XP level 3. HP: 21/33 MP: 2/2
   510 | D:2      | Reached skill level 1 in Dodging
   772 | D:2      | Identified the +4 whip of Bovip {freeze, *Noise Int+3
                  | Stlth+}
   783 | D:2      | Reached XP level 4. HP: 40/40 MP: 3/3
  1444 | D:3      | Found a basalt altar of Yredelemnul.
  1687 | D:3      | Reached XP level 5. HP: 31/47 MP: 2/4
  1972 | D:4      | Noticed an ogre
  1985 | D:4      | Killed an ogre
  1986 | D:4      | Reached skill level 5 in Armour
  2114 | D:4      | Identified the +3 leather armour of Eternity {+Inv rPois}
  2262 | D:4      | Reached XP level 6. HP: 46/55 MP: 3/5
  2368 | D:4      | Found an opulent altar of Gozag.
  2453 | D:4      | Found a snail-covered altar of Cheibriados.
  2755 | D:4      | Reached skill level 5 in Long Blades
  2872 | D:4      | Found a shadowy altar of Dithmenos.
  3070 | D:5      | Entered Level 5 of the Dungeon
  3105 | D:5      | Noticed Pikel
  3128 | D:5      | Killed Pikel
  3129 | D:5      | Reached skill level 5 in Fighting
  3129 | D:5      | Reached skill level 5 in Shields
  3129 | D:5      | Reached XP level 7. HP: 14/61 MP: 1/6
  3379 | D:5      | Noticed Blork the orc
  3389 | D:5      | Killed Blork the orc
  3474 | D:5      | Reached XP level 8. HP: 66/70 MP: 5/7
  3647 | D:5      | Noticed Prince Ribbit
  3677 | D:5      | Killed Prince Ribbit
  3820 | D:5      | Noticed Eustachio
  3837 | D:5      | Killed Eustachio
  4156 | D:5      | Found a staircase to the Ecumenical Temple.
  4156 | D:5      | Noticed Duvessa
  4168 | D:5      | Killed Duvessa
  4173 | D:5      | Noticed Dowan
  4183 | D:5      | Killed Dowan
  4200 | Temple   | Entered the Ecumenical Temple
  4200 | Temple   | Found a transporter.
  4200 | Temple   | Found a transporter.
  4202 | Temple   | Found a transporter.
  4202 | Temple   | Found a transporter.
  4382 | D:6      | Found a burning altar of Makhleb.
  4743 | D:6      | Reached XP level 9. HP: 28/76 MP: 3/8
  4964 | D:6      | Found a glowing silver altar of Zin.
  5429 | D:7      | Noticed Joseph
  5459 | D:7      | Killed Joseph
  5705 | D:7      | Noticed Graphine's ghost (novice DEFE)
  5706 | D:7      | Found a transporter.
  5706 | D:7      | Found a transporter.
  6096 | D:7      | Identified the +8 dire flail of the Fortifying Stork
                  | {freeze, rPois rC+++ rCorr Dex-3}
  6263 | D:8      | Noticed a troll
  6403 | D:8      | Reached skill level 10 in Long Blades
  6558 | D:8      | Killed a troll
  6559 | D:8      | Reached skill level 10 in Armour
  6721 | D:8      | Noticed a manticore
  6738 | D:8      | Killed a manticore
  6739 | D:8      | Reached XP level 10. HP: 51/88 MP: 3/9
  7081 | D:8      | HP: 2/88 [gnoll sergeant/+2 trident of venom (7)]
  7082 | D:8      | Succumbed to a gnoll sergeant's poison

Illustrated notes

Levels and vault maps discovered:
D:1:      wander_arrival_estate, layout_rooms
D:2:      minmay_skewed_foursquare, layout_loops_ring
D:3:      layout_rooms, lemuel_zombie_altar_yredelemnul
D:4:      layout_basic, slow_altar_2, mainiacjoe_overflow_alcove_4,
          overflow_temple_1_default
D:5:      layout_loops_ring, minmay_temple_entry_poolview, uniq_duvessa,
          uniq_eustachio, uniq_pikel, uniq_prince_ribbit1, uniq_blork_the_orc
D:6:      layout_cave_pools, mainiacjoe_overflow_surrounded_room,
          mainiacjoe_overflow_tiny_flanked, eino_small_chamber_without_monster
D:7:      layout_basic, gammafunk_ghost_smash, uniq_joseph
D:8:      layout_loops_ring, minmay_strange_pillars, minmay_manual_mess
Temple:   hellmonk_temple_divided_pantheon

Skill      XL: |  1  2  3  4  5  6  7  8  9 10 |
---------------+-------------------------------+-----
Fighting       | 4 5 7 8 |  8.1
Long Blades    | 3 4 6 8 10 | 10.8
Armour         | 4 5 6 7 8 10 | 10.2
Dodging        | 1 2 3 |  3.3
Shields        | 4 5 6 7 |  7.0
Stealth        | |  0.4

Action                     |  1- 3 |  4- 6 |  7- 9 | 10-12 || total
---------------------------+-------+-------+-------+-------++-------
  Melee: Long sword        |    77 |   158 |   342 |    24 ||   601
         Headbutt          |    11 |    29 |    75 |     5 ||   120
    Use: Scroll            |     1 |     5 |     3 |       ||     9
         Potion            |     1 |     1 |     2 |       ||     4
 Armour: Scale mail        |    27 |       |       |       ||    27
         Chain mail        |    23 |    84 |   163 |    10 ||   280
  Dodge: Dodged            |    59 |    53 |   132 |     7 ||   251
  Block: Buckler           |    30 |    47 |    64 |    11 ||   152
